 Dungeon Crawl Stone Soup version 0.31-a0-845-g9abc20d (webtiles) character file.

Game seed: 13514589668898693338

25 PurpleRed the Slasher (level 2, 0/27 HPs)
             Began as a Deep Elf Berserker on Oct 1, 2023.
             Was a Follower of Trog.
             Constricted to death by a ball python (1 damage)
             ... on level 2 of the Dungeon.
             The game lasted 00:03:29 (387 turns).

PurpleRed the Slasher (Deep Elf Berserker)           Turns: 387, Time: 00:03:29

Health: 0/27       AC:  2    Str: 11 (14) XL:     2   Next: 86%
Magic:  4/4        EV:  9    Int: 10 (11) God:    Trog [*.....]
Gold:   36         SH:  0    Dex: 12 (14) Spells: 1/1 levels left

rFire   + .          .
                       - Unarmed
rCold   . . .        (no shield)
rNeg    . . .        b - +0 animal skin
rPois   .            (helmet currently unavailable)
rElec   .            (cloak currently unavailable)
rCorr   .            (gloves currently unavailable)
SInv    .            (boots currently unavailable)
Will    .....        (no amulet) Stlth
                     c - ring of protection from fire
HPRegen 0.24/turn    (no ring)
MPRegen 0.09/turn

%: no passive effects
@: berserking, beast-form, constricted, very quick
A: beast (slay +0)
a: Begin Untransformation, Renounce Religion, Berserk


You were on level 2 of the Dungeon.
You worshipped Trog.
Trog was aware of your devotion.
You were a hulking beast.
You visited 1 branch of the dungeon, and saw 2 of its levels.

You collected 36 gold pieces.

Inventory:

Hand Weapons
 a - a +0 falchion
 g - a +0 sling
Armour
 b - a +0 animal skin (worn)
Jewellery
 c - a ring of protection from fire (left hand)
Talismans
 d - a beast talisman (active)
Scrolls
 f - a scroll of fog
 h - a scroll of identify
Potions
 e - 2 potions of degeneration


   Skills:
 + Level 2.6 Fighting
 - Level 2.7 Long Blades
 - Level 1.5 Armour
 - Level 2.4 Dodging
 * Level 1.3 Unarmed Combat
 + Level 1.0 Shapeshifting


You had one spell level left.
You didn't know any spells.
Your spell library was empty.

Dungeon Overview and Level Annotations

Branches:
Dungeon (2/15)

Altars:

Annotations:
D:2 Jessica


Message History

The hobgoblin is moderately wounded.
The hobgoblin hits you.
You hit the hobgoblin but do no damage.
The hobgoblin is moderately wounded.
The hobgoblin hits you.
* * * LOW HITPOINT WARNING * * *
You hit the hobgoblin.
The hobgoblin is almost dead.
The hobgoblin barely misses you.
You completely miss the hobgoblin.
The hobgoblin is almost dead.
The hobgoblin closely misses you.
You barely miss the hobgoblin.
The hobgoblin is almost dead.
The hobgoblin hits you.
* * * LOW HITPOINT WARNING * * *
You hit the hobgoblin.
You kill the hobgoblin!
Trog accepts your kill.
You recover from your berserk rage.
You completely miss the ball python. The ball python barely misses you. x2
It was a potion of degeneration.
There was something very wrong with that liquid.
You feel weakened.
You feel dopey.
You feel clumsy. The ball python barely misses you.
The ball python closely misses you. The ball python bites you.
* * * LOW HITPOINT WARNING * * *
The ball python grabs you. The ball python constricts you.
As you read the scroll labelled FIERAI HIJAE, it crumbles to dust.
It is a scroll of identify.
f - a scroll of fog The ball python bites you.
* * * LOW HITPOINT WARNING * * *
The ball python constricts you.
* * * LOW HITPOINT WARNING * * *
A red film seems to cover your vision as you go berserk!
You feel yourself moving faster!
You feel mighty! The ball python bites you.
* * * LOW HITPOINT WARNING * * *
The ball python constricts you.
You die...

..........#.....#.. ..##.
###..##........... #
##.###..(......#### ..
#................##
..##..†.....#..#.#$..#.#
.....###....##.........#
..######.##....Bl........
... .....##.####S#.......
.........###h#.......
###...........#S.g....
##......##..#.......
##.....###.>.B.....
#.....# #.#.......
####### #.. ... ###


You could see a giant cockroach, a ball python and a frilled lizard.

Vanquished Creatures
  An adder (D:2)
  A worm (D:2)
  A ball python (D:1)
  A bat (D:1)
  An endoplasm (D:2)
  A giant cockroach (D:2)
  3 hobgoblins
  A quokka (D:1)
  A frilled lizard (D:1)
  2 rats
13 creatures vanquished.

Notes
Turn   | Place    | Note
-------+----------+-------------------------------------------
     0 | D:1      | PurpleRed the Deep Elf Berserker began the quest for the
                  | Orb.
     0 | D:1      | Reached XP level 1. HP: 13/13 MP: 3/3
    89 | D:2      | Noticed Jessica
   212 | D:1      | Reached XP level 2. HP: 17/18 MP: 4/4
   345 | D:2      | Reached skill level 1 in Unarmed Combat
   345 | D:2      | Reached skill level 1 in Shapeshifting
   387 | D:2      | HP: 1/27 [ball python (2)]
   387 | D:2      | Constricted to death by a ball python

Illustrated notes

Levels and vault maps discovered:
D:1:      eino_arrival_cavern_d, layout_basic, serial_shops, shop
D:2:      layout_rooms, reono_crystal_passage, uniq_jessica, uniq_sigmund

Skill      XL: |  1  2 |
---------------+-------+-----
Unarmed Combat | 1 |  1.3
Shapeshifting  | 1 |  1.0
Fighting       | |  2.6
Long Blades    | |  2.7
Armour         | |  1.5
Dodging        | |  2.4

Action                     || total
---------------------------++-------
  Melee: Unarmed           ||    68
         Falchion          ||     2
         Punch             ||     1
 Invoke: Berserk           ||     4
    Use: Scroll            ||     1
         Potion            ||     1
   Stab: Sleeping          ||     1
 Armour: Animal skin       ||    43
  Dodge: Dodged            ||    57
   Form: Beast             ||     1

Table legend: (Time is in decaauts)
 A = Elapsed time spent in this place.
 B = Non-inter-level travel time spent in this place.
 C = Inter-level travel time spent in this place.
 D = Time resting spent in this place.
 E = Time spent auto-exploring this place.
 F = Levels seen in this place.
 G = Mean time per level.
                   A        B        C        D        E       F      G
               +--------+--------+--------+--------+--------+-----+--------+
         Total |    415 |    415 |      0 |      0 |      0 |   2 |  207.5 |
       Dungeon |    415 |    415 |      0 |      0 |      0 |   2 |  207.5 |
               +--------+--------+--------+--------+--------+-----+--------+

Top non-repeatable levels by time:
     D:1: 300 daAuts
     D:2: 114 daAuts
